 Dungeon Crawl Stone Soup version 0.31.0-4-g52a2dc7128 (webtiles) character file.

Game seed: 8341268051940700063

128 jasper the Cudgeller (level 4, -2/37 HPs)
             Began as an Armataur Fighter on Jan 22, 2024.
             Slain by Duvessa
             ... wielding a +1 rapier of holy wrath
              (5 damage)
             ... on level 4 of the Dungeon.
             The game lasted 00:03:22 (1487 turns).

jasper the Cudgeller (Armataur Fighter)             Turns: 1487, Time: 00:03:22

Health: -2/37      AC: 11    Str: 23    XL:     4   Next: 86%
Magic:  0/4        EV:  7    Int: 13    God:
Gold:   136        SH:  4    Dex:  9    Spells: 3/3 levels left

rFire   . . .        a - +0 flail
rCold   . . .        c - +0 buckler
rNeg    . . .        b - +0 scale mail
rPois   .            d - +2 helmet
rElec   .            (no cloak)
rCorr   .            v - +0 pair of gloves
SInv    +            (no barding)
Will    +....        m - amulet "Pyockaduun" {Spirit Int+4} Stlth
                     l - ring of see invisible
HPRegen 0.26/turn    (no ring)
MPRegen 0.09/turn

%: guardian spirit, roll
@: enlightened, flying, hasted, very quick
A: large, deformed body, tough skin 3, armoured tail, roll 1
a: no special abilities


You were on level 4 of the Dungeon.
You visited 1 branch of the dungeon, and saw 4 of its levels.

You collected 136 gold pieces.

Inventory:

Hand Weapons
 a - a +0 flail (weapon)
 r - a +0 heavy hand axe
Missiles
 e - 6 boomerangs (quivered)
 h - 20 stones
 i - 4 poisoned darts
Armour
 b - a +0 scale mail (worn)
 c - a +0 buckler (worn)
 d - a +2 helmet (worn)
 v - a +0 pair of gloves (worn)
Jewellery
 l - a ring of see invisible (left hand)
 m - the amulet "Pyockaduun" (around neck) {Spirit Int+4}
   (You found it on level 2 of the Dungeon)

   [amulet of guardian spirit]

   Spirit:    It causes incoming damage to be divided between your reserves of
   health and magic.
   Int+4:     It affects your intelligence (+4).
Scrolls
 j - a scroll of enchant armour {unknown}
 n - a scroll of vulnerability {unknown}
 o - a scroll of amnesia {unknown}
 p - a scroll of identify
 s - a scroll of teleportation {unknown}
Potions
 f - 2 potions of attraction
 k - a potion of haste
 t - a potion of invisibility {unknown}
 u - a potion of mutation {unknown}


   Skills:
 - Level 2.6 Fighting
 + Level 4.7 Maces & Flails
 - Level 3.6 Armour
 - Level 3.2 Shields


You had 3 spell levels left.
You didn't know any spells.
Your spell library contained the following spells:

 Spells                   Type           Power      Damage    Failure   Level
 Lesser Beckoning         Tloc           0%         N/A       80%         2
 Gell's Gravitas          Tloc           0%         N/A       95%         3
 Teleport Other           Tloc           0%         N/A       95%         3


Dungeon Overview and Level Annotations

Branches:
Dungeon (4/15)
 Temple: D:4-7

Altars:
Cheibriados
Vehumet
Wu Jian
Zin

Annotations:
D:2 Sigmund
D:4 1 transporter, Duvessa


Innate Abilities, Weirdness & Mutations

Armour fits poorly on your strangely shaped body.
You have extremely tough skin. (AC +3)
You have a long armoured tail.
You regenerate magic when rolling toward enemies. (Rampage MPRegen)


Message History

Duvessa says, "My weaknesses are his strengths!"
Duvessa closely misses you.
Dowan points at Duvessa and mumbles some strange words.
Duvessa seems to speed up.
Unknown command.
Unknown command.
Flame seeps out of the dart slug.
Duvessa attacks as she pursues you!
Duvessa hits you with a +1 rapier of holy wrath!
The dart slug is engulfed in blazing flames.
The dart slug explodes!
The fiery explosion engulfs Dowan!!
Duvessa weeps, and shakes her weapon.
Duvessa goes berserk!
Dowan explodes!
You hear a shout!
Unknown command.
Unknown command.
Unknown command.
You hit Duvessa but do no damage. Duvessa barely misses you.
Duvessa hits you with a +1 rapier of holy wrath.
You thump Duvessa!
Flame seeps out of Duvessa.
Duvessa is lightly wounded.
Duvessa is engulfed in blazing flames.
Flame seeps out of Duvessa.
You block Duvessa's attack.
Duvessa is engulfed in blazing flames.
Flame seeps out of Duvessa.
Duvessa barely misses you.
Duvessa is engulfed in blazing flames.
Flame seeps out of Duvessa.
Duvessa rages.
Duvessa attacks as she pursues you!
Duvessa hits you with a +1 rapier of holy wrath!
* * * LOW HITPOINT WARNING * * *
It was a potion of enlightenment.
You feel very buoyant.
You fly up into the air.
Duvessa completely misses you. You block Duvessa's attack.
It was a potion of haste.
You feel yourself speed up.
Duvessa hits you with a +1 rapier of holy wrath.
* * * LOW HITPOINT WARNING * * *
Found a scroll labelled XAFIOM XAAH.
Duvessa hits you with a +1 rapier of holy wrath.
You die...

.##.#####.....#
.##...........##...?
.#....#.............
.#..#...........#..
....#...........#..
....##.......... .##
....#......#...# ..##
#...##..[§§###.##...###
###.####.§(§☼..e@.....#
#.# #.§○####......## .#
#...## ##....##
.......# #..###
..###... #..# #. ##...
...# . #... #.## ###..
###


You could see Duvessa (berserk, fast, inner flame).

Vanquished Creatures
  Dowan (D:4)
  Robin (D:2)
  2 adders (D:3)
  A ribbon worm (D:2)
  A dart slug (D:4)
  An orc (D:3)
  2 ball pythons
  A bat (D:1)
  4 endoplasms
  A giant cockroach (D:3)
  9 goblins (D:2)
  6 hobgoblins
  4 jackals (D:1)
  A quokka (D:1)
  3 kobolds
  6 rats
44 creatures vanquished.

Notes
Turn   | Place    | Note
-------+----------+-------------------------------------------
     0 | D:1      | jasper the Armataur Fighter began the quest for the Orb.
     0 | D:1      | Reached XP level 1. HP: 18/18 MP: 1/1
     9 | D:1      | Reached skill level 2 in Maces & Flails
    44 | D:1      | Found a faded altar of an unknown god.
    53 | D:1      | Prayed at the altar of an unknown god.
    53 | D:1      | Became a worshipper of Vehumet
    53 | D:1      | Reached * piety under Vehumet
    53 | D:1      | Offered knowledge of Kiss of Death by Vehumet.
    54 | D:1      | Fell from the grace of Vehumet
   141 | D:1      | Reached XP level 2. HP: 25/25 MP: 2/2
   547 | D:2      | Noticed Sigmund
   648 | D:2      | Reached skill level 3 in Maces & Flails
   658 | D:2      | Reached XP level 3. HP: 23/30 MP: 3/3
   686 | D:2      | Noticed Robin
   701 | D:2      | Killed Robin
   820 | D:2      | Identified the amulet "Pyockaduun" {Spirit Int+4}
   915 | D:3      | Found a glowing silver altar of Zin.
  1115 | D:3      | Reached XP level 4. HP: 37/37 MP: 4/4
  1123 | D:3      | Reached skill level 4 in Maces & Flails
  1143 | D:3      | Found an ornate altar of the Wu Jian Council.
  1376 | D:3      | Found a snail-covered altar of Cheibriados.
  1427 | D:4      | Found a transporter.
  1472 | D:4      | Noticed Duvessa
  1472 | D:4      | Noticed Dowan
  1481 | D:4      | Killed Dowan
  1487 | D:4      | Slain by Duvessa

Illustrated notes

Levels and vault maps discovered:
D:1:      shiori_arrival_oz, layout_basic,
          hellmonk_ecumenical_altar_slurped_away, minivault_4
D:2:      layout_rooms, uniq_sigmund, uniq_robin
D:3:      layout_rooms, mainiacjoe_overflow_alcove_4, zin_academy,
          cheibrodos_worm_habitat
D:4:      gammafunk_wand_slinger, layout_cave_pools, nemelex_dance_club_becter,
          uniq_duvessa

Skill      XL: |  1  2  3  4 |
---------------+-------------+-----
Maces & Flails | 2 3 4 |  4.7
Fighting       | |  2.6
Armour         | |  3.6
Shields        | |  3.2

Action                     |  1- 3 |  4- 6 || total
---------------------------+-------+-------++-------
  Melee: Flail             |   103 |     8 ||   111
         Tailslap          |     7 |       ||     7
  Throw: Boomerang         |     4 |     4 ||     8
         Stone             |     1 |       ||     1
         Dart              |       |     1 ||     1
 Invoke: Renounce Religion |     1 |       ||     1
    Use: Scroll            |     2 |     1 ||     3
         Potion            |     1 |     2 ||     3
 Armour: Scale mail        |    76 |    12 ||    88
  Dodge: Dodged            |    24 |     9 ||    33
  Block: Buckler           |    26 |     3 ||    29
